 Dungeon Crawl Stone Soup version 0.28.0-43-g3370ac3207 (webtiles) character file.

Game seed: 9957958026216957615

1523 GilGalad the Magician (level 8, -5/41 HPs)
             Began as a Deep Elf Air Elementalist on Mar 26, 2022.
             Slain by Prince Ribbit (9 damage)
             ... on level 6 of the Dungeon.
             The game lasted 00:27:24 (8145 turns).

GilGalad the Magician (Deep Elf Air Elementalist)   Turns: 8145, Time: 00:27:24

Health: -5/41      AC:  4    Str:  5    XL:     8   Next: 54%
Magic:  19/20      EV: 15    Int: 27    God:
Gold:   246        SH:  0    Dex: 17    Spells: 18/20 levels left

rFire   . . .      SeeInvis .   m - +0 dagger (elec)
rCold   . . .      Faith    .   (no shield)
rNeg    . . .      Spirit   .   a - +0 robe
rPois   .          Reflect  .   (no helmet)
rElec   .          Harm     .   u - +0 cloak
rCorr   .          Rampage  .   (no gloves)
Will    .....                   i - +0 pair of boots
Stlth   ++++......              (no amulet)
HPRegen 0.13/turn               k - +6 ring of intelligence
MPRegen 0.17/turn               (no ring)

@: no status effects
A: no striking features
a: no special abilities


You were on level 6 of the Dungeon.
You visited 1 branch of the dungeon, and saw 6 of its levels.

You collected 246 gold pieces.

Inventory:

Hand Weapons
 m - a +0 dagger of electrocution (weapon)
 t - the +5 hand axe of Woogis {vorpal, rElec}
   (You found it on level 5 of the Dungeon)

   It inflicts extra damage upon your enemies.
   rElec:     It insulates you from electricity.
Armour
 a - a +0 robe (worn)
 i - a +0 pair of boots (worn)
 u - a +0 cloak (worn)
Jewellery
 h - a ring of fire
 k - a +6 ring of intelligence (left hand)
 r - an amulet of faith
Wands
 q - a wand of iceblast (12)
Scrolls
 c - 4 scrolls of identify {unknown}
 j - 5 scrolls of teleportation {unknown}
 l - a scroll of vulnerability {unknown}
 n - a scroll of acquirement {unknown}
 v - 2 scrolls of blinking {unknown}
 x - a scroll of magic mapping {unknown}
Potions
 b - a potion of brilliance {unknown}
 d - a potion of invisibility {unknown}
 e - a potion of attraction {unknown}
 f - 3 potions of flight {unknown}
 g - 5 potions of curing {unknown}
 o - a potion of resistance {unknown}
 p - 2 potions of mutation {unknown}
 s - a potion of magic {unknown}
 w - 2 potions of might {unknown}
 z - a potion of lignification {unknown}
 A - 2 potions of cancellation {unknown}


   Skills:
 - Level 3.0 Short Blades
 + Level 6.5 Dodging
 + Level 6.8 Stealth
 + Level 6.9 Spellcasting
 - Level 2.3 Conjurations
 - Level 2.0 Hexes
 + Level 5.6 Air Magic


You had 18 spell levels left.
You knew the following spells:

 Your Spells              Type           Power      Damage    Failure   Level
a - Shock                 Conj/Air       100%       1d9       1%          1
b - Slow                  Hex            80%        N/A       2%          1

Your spell library contained the following spells:

 Spells                   Type           Power      Damage    Failure   Level
 Static Discharge         Conj/Air       31%        N/A       1%          2
 Swiftness                Air            40%        N/A       1%          3
 Corpse Rot               Necr/Air       48%        N/A       2%          2
 Poisonous Vapours        Pois/Air       48%        N/A       2%          2
 Airstrike                Air            20%        N/A       5%          4
 Confusing Touch          Hex            20%        N/A       8%          3
 Sublimation of Blood     Necr           9%         N/A       9%          2
 Inner Flame              Hex/Fire       14%        N/A       12%         3
 Vampiric Draining        Necr           9%         2d6       19%         3
 Cause Fear               Hex            10%        N/A       26%         4
 Petrify                  Tmut/Erth      9%         N/A       52%         4
 Irradiate                Conj/Tmut      7%         3d15      71%         5
 Discord                  Hex            10%        N/A       100%        8


Dungeon Overview and Level Annotations

Branches:
Dungeon (6/15)
 Temple: D:4-7

Altars:
Nemelex Xobeh
Wu Jian

Shops:
D:5 =   D:6 *

Annotations:
D:4 exclusion: downstairs
D:6 Menkaure, Prince Ribbit


Message History

Confirm with . or Enter, or press ? or * to list all spells.
You don't know that spell.
Sorry, you're not good enough to have a special ability.
Casting: Shock (safe; 1% risk of failure)
Confirm with . or Enter, or press ? or * to list all spells.
Aiming: Shock (safe; 1% risk of failure)
Press: ? - help, Shift-Dir - straight line The zap hits the centaur skeleton.
The centaur skeleton is almost destroyed.
The zap hits the centaur skeleton!
You destroy the centaur skeleton!
HP restored.
You now have 246 gold pieces (gained 9).
Menkaure, Prince of Dust comes into view.
Found Erask's General Store.
Menkaure shouts!
Casting: Shock (safe; 1% risk of failure)
Confirm with . or Enter, or press ? or * to list all spells.
Okay, then.
Casting: Shock (safe; 1% risk of failure)
Confirm with . or Enter, or press ? or * to list all spells.
Aiming: Slow (safe; 2% risk of failure)
Press: ? - help, Shift-Dir - straight line, f - Menkaure
Aim: Menkaure (chance to affect: 60%) Menkaure seems to slow down.
Menkaure calls on the powers of darkness!
Your body is wracked with pain!
Prince Ribbit comes into view.
Prince Ribbit barely misses you. Prince Ribbit hits you.
Prince Ribbit hits you!
* * * LOW HITPOINT WARNING * * *
Okay, then.
Casting: Slow (safe; 2% risk of failure)
Confirm with . or Enter, or press ? or * to list all spells.
Aiming: Slow (safe; 2% risk of failure)
Press: ? - help, Shift-Dir - straight line, f - Prince Ribbit
Aim: Prince Ribbit (chance to affect: 42%) Prince Ribbit seems to slow down.
Prince Ribbit hits you!
You die...

♣∩♣.....####...#.##.#.#
#..M.......>.#......#.#
#.# #...######.# #.#
#...# #.# #.# #...# #.#
#.#####.#####.## #.#
#...........#.# .#
#######.#.F...#
########.#.@...#
...............#
.........#....)###
##########....<....#
#..................
#.########.####.... #.#
### #.# #.#


You could see Prince Ribbit (slow).

Vanquished Creatures
  A sky beast (D:5)
  2 ice beasts (D:5)
  2 black bears
  A centaur (D:5)
  An ogre (D:3)
  2 phantoms
  A bullfrog (D:6)
  A gnoll sergeant (D:5)
  A scorpion (D:5)
  A hound (D:5)
  2 orc priests
  A centaur skeleton (D:6)
  2 iguanas
  Terence (D:2)
  A scorpion zombie (D:5)
  Natasha (thrice) (D:4)
  An orc wizard (D:5)
  A howler monkey zombie (D:5)
  4 gnolls (D:5)
  9 adders
  2 dart slugs
  18 orcs
  5 ball pythons
  10 bats
  9 endoplasms
  13 giant cockroaches
  6 goblins
  15 hobgoblins
  5 jackals (D:4)
  A quokka (D:2)
  3 frilled lizards (D:3)
  4 kobolds
  4 rats
133 creatures vanquished.

Notes
Turn   | Place    | Note
-------+----------+-------------------------------------------
     0 | D:1      | GilGalad the Deep Elf Air Elementalist began the quest for
                  | the Orb.
     0 | D:1      | Reached XP level 1. HP: 10/10 MP: 6/6
   480 | D:1      | Reached XP level 2. HP: 8/15 MP: 1/8
   653 | D:1      | Found a faded altar of an unknown god.
  1550 | D:2      | Reached XP level 3. HP: 19/19 MP: 6/9
  1766 | D:2      | Noticed Terence
  2047 | D:2      | Found a sparkling altar of Nemelex Xobeh.
  2304 | D:2      | Reached XP level 4. HP: 22/24 MP: 4/11
  2770 | D:2      | Killed Terence
  3163 | D:3      | Reached XP level 5. HP: 28/28 MP: 8/13
  3256 | D:3      | Found an ornate altar of the Wu Jian Council.
  3477 | D:3      | Noticed an ogre
  3484 | D:3      | Killed an ogre
  3485 | D:3      | Reached skill level 1 in Short Blades
  3782 | D:4      | Reached XP level 6. HP: 26/32 MP: 5/14
  4890 | D:4      | Reached skill level 5 in Spellcasting
  4929 | D:4      | Noticed Natasha
  4934 | D:4      | Killed Natasha
  5023 | D:4      | Noticed Natasha
  5026 | D:4      | Killed Natasha
  5027 | D:4      | Reached skill level 5 in Stealth
  5027 | D:4      | Reached XP level 7. HP: 29/36 MP: 12/16
  5071 | D:4      | Noticed Natasha
  5075 | D:4      | Killed Natasha
  5480 | D:5      | Entered Level 5 of the Dungeon
  5520 | D:5      | Identified the +5 hand axe of Woogis {vorpal, rElec}
  5958 | D:5      | Reached skill level 5 in Dodging
  6070 | D:5      | Found Weassesa's Jewellery Emporium.
  6095 | D:5      | Learned a level 1 spell: Slow
  6128 | D:5      | Reached skill level 1 in Hexes
  6459 | D:5      | Reached skill level 5 in Air Magic
  6459 | D:5      | Reached XP level 8. HP: 41/41 MP: 11/19
  7336 | D:5      | Found Weassesa's Jewellery Emporium.
  8137 | D:6      | Found Erask's General Store.
  8137 | D:6      | Noticed Menkaure
  8141 | D:6      | Noticed Prince Ribbit
  8145 | D:6      | Slain by Prince Ribbit

Illustrated notes

Levels and vault maps discovered:
D:1:      dpeg_arrival_erosion, layout_loops_corners,
          hellmonk_ecumenical_altar_lost_god, grunt_decor_resistance
D:2:      layout_basic, basic_altar, guppyfry_early_orc_mine, uniq_terence
D:3:      minmay_roachtagon, layout_rooms, nicolae_overflow_crystal_walls
D:4:      layout_loops_ring, uniq_natasha
D:5:      layout_basic, serial_shops, nicolae_shop_crystal,
          kennysheep_pointless_box
D:6:      layout_loops_ring, serial_shops, shop, nicolae_shop_trees, shop,
          chequers_hall_statues_wall_a, minmay_liquid_box, uniq_prince_ribbit1,
          uniq_menkaure, uniq_grinder

Skill      XL: |  1  2  3  4  5  6  7  8 |
---------------+-------------------------+-----
Stealth        | 3 4 5 6 |  6.8
Dodging        | 3 4 5 6 |  6.5
Conjurations   | 2 |  2.3
Spellcasting   | 4 5 6 |  6.9
Short Blades   | 1 2 3 |  3.0
Air Magic      | 4 5 |  5.6
Hexes          | 2 |  2.0

Action                   |  1- 3 |  4- 6 |  7- 9 || total
-------------------------+-------+-------+-------++-------
Melee: Short sword       |     5 |       |       ||     5
       Unarmed           |     1 |       |       ||     1
       Dagger            |       |     2 |       ||     2
 Cast: Shock             |    88 |   157 |   102 ||   347
       Slow              |       |       |    17 ||    17
Evoke: Wand              |       |       |     3 ||     3
Armor: Robe              |     6 |     5 |     4 ||    15
Dodge: Dodged            |     8 |    19 |    18 ||    45
